 Dungeon Crawl Stone Soup version 0.28.0 (webtiles) character file.

Game seed: 15040230162220563327

108 HallandMoats the Ruffian (level 4, 0/45 HPs)
             Began as a Troll Monk on Feb 12, 2022.
             Was a Priest of Uskayaw.
             Slain by a river rat (8 damage)
             ... on level 3 of the Dungeon.
             The game lasted 00:01:49 (1569 turns).

HallandMoats the Ruffian (Troll Monk)               Turns: 1569, Time: 00:01:50

Health: 0/45       AC:  4    Str: 21    XL:     4   Next: 58%
Magic:  3/3        EV: 10    Int:  6    God:    Uskayaw [***...]
Gold:   98         SH:  0    Dex: 12    Spells: 3/3 levels left

rFire   . . .      SeeInvis .     - Unarmed
rCold   . . .      Faith    .   (no shield)
rNeg    . . .      Spirit   .   a - +0 robe
rPois   .          Reflect  .   (helmet restricted)
rElec   .          Harm     .   (no cloak)
rCorr   .          Rampage  .   (gloves unavailable)
Will    .....                   (boots unavailable)
Stlth   ++........              (no amulet)
HPRegen 0.95/turn               (no ring)
MPRegen 0.08/turn               (no ring)

@: no status effects
A: large, unfitting armour, claws 3, regeneration 1, shaggy fur 1, tough skin 1
a: Renounce Religion, Stomp, Line Pass


You were on level 3 of the Dungeon.
You worshipped Uskayaw.
Uskayaw was noncommittal.
You visited 1 branch of the dungeon, and saw 3 of its levels.

You collected 98 gold pieces.

Inventory:

Armour
 a - a +0 robe (worn)
Scrolls
 b - 5 scrolls of identify {unknown}
 e - a scroll of fear {unknown}
 f - a scroll of immolation
 g - 2 scrolls of vulnerability {unknown}
Potions
 c - a potion of heal wounds {unknown}
 d - a potion of resistance {unknown}


   Skills:
 * Level 3.2 Fighting
 + Level 2.7 Dodging
 - Level 1.0 Stealth
 * Level 4.0 Unarmed Combat
 + Level 1.3 Invocations


You had 3 spell levels left.
You didn't know any spells.
Your spell library was empty.

Dungeon Overview and Level Annotations

Branches:
Dungeon (3/15)

Altars:
Uskayaw


Innate Abilities, Weirdness & Mutations

You are too large for most types of armour.
You have claws for hands.
Your natural rate of healing is unusually fast.
You are covered in fur. (AC +1)
You have tough skin. (AC +1)


Message History

You can no longer pass through a line of other dancers.
You claw the iguana!
You kill the iguana!
You can now pass through a line of other dancers.
Your Unarmed Combat skill increases to level 4!
You swing at nothing.
You swing at nothing.
You swing at nothing.
You claw the worm!
The worm is severely wounded.
You scratch the worm.
The worm is almost dead.
The worm bites you!
* * * LOW HITPOINT WARNING * * *
You claw the worm!
You kill the worm!
Uskayaw will force your foes to helplessly watch your dance.
Uskayaw prepares the audience for your solo!
The helpless river rat fails to defend itself.
You scratch the river rat.
The river rat is heavily wounded.
The rat is no longer paralysed.
The river rat is no longer paralysed.
The worm is no longer paralysed.
The river rat closely misses you.
You barely miss the river rat.
The river rat is heavily wounded.
The river rat closely misses you.
You scratch the river rat but do no damage.
The river rat is heavily wounded.
The river rat closely misses you.
You scratch the river rat.
The river rat is severely wounded.
The river rat bites you but does no damage.
You barely miss the river rat.
The river rat is severely wounded.
You hear the slow rusting of a drain nearby.
The river rat bites you but does no damage.
You closely miss the river rat.
The river rat is severely wounded.
The river rat bites you!
You die...

#..(≈r≈# ###...r†≈# #
....##r######.###.
#............... ##
#..##...).......#..
#.# ####w###.#..#.###
.. #r# ..... #r# ...
#@# ###.#.##.. # ##.#
##.)......>
.##..#.[###..#####...
.............# #.#
.#.#.#.####..# #.#
...#. ##...# #.# #.#
#. #....#####.# #. #.
#..........##### # #.
#.#.###.....†...


You could see a worm, a river rat and a rat.

Vanquished Creatures
  An iguana (D:3)
  2 adders (D:2)
  3 worms
  4 dart slugs
  7 bats
  5 endoplasms
  2 giant cockroaches
  4 jackals
  9 ball pythons
  2 frilled lizards
  5 goblins
  A kobold (D:1)
  2 rats
47 creatures vanquished.

Vanquished Creatures (others)
  A plant (D:1)
1 creature vanquished.

Grand Total: 48 creatures vanquished

Notes
Turn   | Place    | Note
-------+----------+-------------------------------------------
     0 | D:1      | HallandMoats the Troll Monk began the quest for the Orb.
     0 | D:1      | Reached XP level 1. HP: 22/22 MP: 0/0
    57 | D:1      | Reached XP level 2. HP: 29/29 MP: 1/1
   637 | D:2      | Reached XP level 3. HP: 33/36 MP: 2/2
   891 | D:2      | Reached skill level 1 in Invocations
   950 | D:2      | Found a faded altar of an unknown god.
   988 | D:2      | Prayed at the altar of an unknown god.
   988 | D:2      | Became a worshipper of Uskayaw the Reveller
   988 | D:2      | Reached * piety under Uskayaw
   988 | D:2      | Reached ** piety under Uskayaw
  1307 | D:2      | Reached XP level 4. HP: 32/45 MP: 3/3
  1558 | D:3      | Reached skill level 4 in Unarmed Combat
  1562 | D:3      | HP: 2/45 [worm (7)]
  1563 | D:3      | Reached *** piety under Uskayaw
  1569 | D:3      | Slain by a river rat

Illustrated notes

Levels and vault maps discovered:
D:1:      dpeg_arrival_pits, layout_basic, serial_forest,
          infiniplex_forest_diagonal, infiniplex_forest_clump_diagonal,
          infiniplex_forest_clump_large, infiniplex_forest_clump_medium,
          infiniplex_forest_lined_4_way, infiniplex_forest_clump_tiny,
          infiniplex_forest_clump_curved, grunt_decor_clamped
D:2:      layout_loops_ring, hellmonk_ecumenical_altar_blasted,
          hangedman_abyss_or_decor_lesser_grid, minmay_increasing_density
D:3:      layout_loops_ring, lightli_sewer_entry_pipes

Skill      XL: |  1  2  3  4 |
---------------+-------------+-----
Invocations    | 1 |  1.3
Fighting       | 3 |  3.2
Unarmed Combat | 4 |  4.0
Dodging        | |  2.7
Stealth        | |  1.0

Action                   |  1- 3 |  4- 6 || total
-------------------------+-------+-------++-------
Melee: Unarmed           |    93 |    28 ||   121
       Punch             |     1 |       ||     1
 Stab: Sleeping          |     6 |       ||     6
       Paralysed         |       |     1 ||     1
Armor: Robe              |    53 |     6 ||    59
Dodge: Dodged            |    65 |     7 ||    72
